 Dungeon Crawl Stone Soup version 0.29.1-2-gbd0b4ee654 (webtiles) character file.

Game seed: 4902812497108775768

7620 unlimited1921 the Thaumaturge (level 11, -9/68 HPs)
             Began as a Djinni Fire Elementalist on Nov 7, 2022.
             Was an Elder of Fedhas.
             Mangled by a warg (14 damage)
             ... on level 10 of the Dungeon.
             The game lasted 01:11:27 (19528 turns).

unlimited1921 the Thaumaturge (DjFE)               Turns: 19528, Time: 01:11:27

Health: -9/68      AC:  6    Str:  7    XL:     11   Next: 40%
Gold:   603        EV: 13    Int: 21    God:    Fedhas [****..] SH: 11 Dex: 26

rFire   + + .      SeeInvis .   K - +2 mace (protect)
rCold   . . .      Faith    .   u - +0 kite shield
rNeg    . . .      Spirit   .   C - +2 leather armour {rC+}
rPois   ∞          Reflect  .   (no helmet)
rElec   .          Harm     .   d - +0 cloak
rCorr   .          Rampage  .   (no gloves)
Will    +....                   (boots unavailable)
Stlth   +++.......              (no amulet)
HPRegen 0.21/turn               I - +6 ring of dexterity
MPRegen 0.00/turn               l - +6 ring of dexterity

@: flying
A: sickness immunity, fire resistance 2, cold vulnerability 1, float, innate
caster, HP casting, extra vitality 1
a: Renounce Religion, Wall of Briars, Grow Ballistomycete, Overgrow


You were on level 10 of the Dungeon.
You worshipped Fedhas.
Fedhas was greatly pleased with you.
You visited 2 branches of the dungeon, and saw 11 of its levels.

You collected 603 gold pieces.

Inventory:

Hand Weapons
 n - a +2 hand axe of electrocution
 B - a +5 dire flail of draining
 E - a +6 mace
 G - a +2 flail of protection
 H - a +0 whip of venom
 J - a +1 hand axe of freezing
 K - a +2 mace of protection (weapon)
 M - a +2 scimitar of freezing
 O - a +2 hand axe of flaming
Missiles
 b - 3 throwing nets
 e - 5 silver boomerangs
 m - 65 stones
Armour
 d - a +0 cloak (worn)
 u - a +0 kite shield (worn)
 C - a +2 leather armour of cold resistance (worn)
 Q - the +9 chain mail of Weightlessness {rPois rN+ Will+ Str-5}
   (You found it on level 10 of the Dungeon)

   Str:       It affects your strength (-5).
   rPois:     It protects you from poison.
   rN:        It protects you from negative energy.
   Will:      It increases your willpower.
Jewellery
 k - a ring of protection from cold
 l - a +6 ring of dexterity (right hand)
 I - a +6 ring of dexterity (left hand)
Wands
 s - a wand of charming (6)
 y - a wand of polymorph (3)
 A - a wand of iceblast (9)
 D - a wand of quicksilver (7) (quivered)
 N - a wand of flame (12)
Scrolls
 a - a scroll of immolation
 h - a scroll of silence
 j - 2 scrolls of enchant armour {unknown}
 p - a scroll of enchant weapon
 q - 2 scrolls of vulnerability {unknown}
 r - 2 scrolls of poison {unknown}
 v - a scroll of fear
 w - 2 scrolls of teleportation {unknown}
 L - a scroll of blinking
 P - a scroll of magic mapping {unknown}
Potions
 c - a potion of might
 f - 2 potions of heal wounds
 g - 2 potions of brilliance {unknown}
 i - 2 potions of curing {unknown}
 o - a potion of resistance
 t - 4 potions of flight {unknown}
 x - a potion of berserk rage {unknown}
 z - a potion of mutation {unknown}
 F - a potion of magic {unknown}


   Skills:
 + Level 2.2 Fighting
 + Level 2.0(2.5) Axes
 + Level 2.1(2.5) Maces & Flails
 + Level 3.5 Armour
 + Level 4.1 Dodging
 + Level 4.1 Stealth
 - Level 4.2 Shields
 + Level 10.5 Spellcasting
 * Level 5.1 Invocations
 + Level 0.6 Evocations


You had 5 spell levels left.
You knew the following spells:

 Your Spells              Type           Power      Damage    Failure   Level
a - Foxfire               Conj/Fire      100%       2x1d9     1%          1
b - Scorch                Fire           100%       2d10      1%          2
c - Conjure Flame         Conj/Fire      53%        6-21      1%          3
d - Inner Flame           Hex/Fire       53%        N/A       1%          3
e - Flame Wave            Conj/Fire      53%        2d13      3%          4
f - Sandblast             Erth           100%       2d20      1%          1
g - Ensorcelled Hibernat  Hex/Ice        100%       N/A       1%          2
h - Poisonous Vapours     Pois/Air       100%       N/A       1%          2
i - Ozocubu's Armour      Ice            53%        N/A       1%          3
j - Alistair's Intoxicat  Tmut/Pois      35%        N/A       10%         5
Your spell library was empty.

Dungeon Overview and Level Annotations

Branches:
Dungeon (10/15)            Temple (1/1) D:4             Orc (0/2) D:9
   Lair: D:8-11

Altars:
Ashenzari
Cheibriados
Dithmenos
Elyvilon
Fedhas
Gozag
Hepliaklqana
Makhleb
Okawaru
Qazlal
Ru
Uskayaw
Wu Jian
Xom
Yredelemnul
Zin
The Shining One

Shops:
D:2 (


Innate Abilities, Weirdness & Mutations

You are immune to sickness and miasma.
You are immune to poison.
Your flesh is very heat resistant. (rF++)
You are vulnerable to cold. (rC-)
You float through the air rather than walking.
You learn spells naturally, not from books.
Your magical power is your life essence.
You have superior vitality. (+4 MHP)


Message History

Confirm with . or Enter, or press ? or * to list all spells.
Flames lash the orc warrior.
The orc warrior is moderately wounded.
The orc warrior's fire resistance burns away.
* * * LOW HITPOINT WARNING * * *
Casting: Scorch (safe; 1% risk of failure)
Confirm with . or Enter, or press ? or * to list all spells.
Flames lash the orc warrior.
The orc warrior is burned terribly!
The orc warrior is severely wounded.
* * * LOW HITPOINT WARNING * * *
A warg comes into view.
The orc warrior hits you with a +0 flail of venom.
* * * LOW HITPOINT WARNING * * *
Aiming: Iceblast
Press: ? - help, Q - select action, (/) - cycle Shift-Dir - straight line, f - orc warrior
Aim: an orc warrior, wielding a +0 flail of venom and wearing a +0 chain mail (severely wounded, more vulnerable to fire) That beam is likely to hit you.
Continue anyway?
Okay, then.
The orc warrior attacks as you move away!
You block the orc warrior's attack.
Casting: Scorch (safe; 1% risk of failure)
Confirm with . or Enter, or press ? or * to list all spells.
Okay, then.
Unknown command.
Aiming: Quicksilver Bolt
Press: ? - help, Q - select action, (/) - cycle Shift-Dir - straight line, f/p - orc warrior
Aim: an orc warrior, wielding a +0 flail of venom and wearing a +0 chain mail (severely wounded, more vulnerable to fire, 68% to hit)
The bolt of dispelling energy hits the orc warrior!
You kill the orc warrior!
Fedhas appreciates your contribution to the ecosystem.
Aiming: Quicksilver Bolt
Press: ? - help, Q - select action, (/) - cycle Shift-Dir - straight line, f - warg
Aim: a warg (64% to hit)
The bolt of dispelling energy hits the warg!
The warg is moderately wounded.
The warg bites you!
* * * LOW HITPOINT WARNING * * *
A briar patch grows up from the ground. x3; The warg bites you!
You die...
Fedhas appreciates your contribution to the ecosystem.

#....#### #...#..
#.....# # #.....###
#..####.#...).#
#.......#..)#.# #####.
#......# # . ...#..
#Ph###.#.# .. #.#.#
#@P# #†..# .#...# #P##
##....# .. .....####.#
.##.... ...
#.....#.#####.# #.....
#..##.......#.######.#
##.>....####.#.#......#
###....####
#..........#
#...#.######
###......#.#
##.###......## ####<###
#


You could see a warg (ally target).

Vanquished Creatures
  A two-headed ogre (D:9)
  Joseph (D:7)
  A troll (D:9)
  2 hornets (D:9)
  8 yaks
  2 steam dragons (D:7)
  A warg (D:10)
  Edmund (D:5)
  An acid dragon (D:10)
  6 orc warriors
  An ice beast (D:6)
  2 sky beasts
  2 black bears
  2 ogres
  3 centaurs
  A kobold brigand (D:8)
  3 bullfrogs
  A necrophage (D:6)
  7 scorpions
  5 wights (D:8)
  10 killer bees
  A vampire bat (D:3)
  5 electric eels (D:8)
  A crimson imp (D:7)
  2 jellies
  4 orc priests
  4 hounds
  A gnoll bouda (D:6)
  6 iguanas
  5 orc wizards
  Natasha (thrice) (D:4)
  9 gnolls
  9 adders
  2 shadow imps (D:6)
  3 white imps
  2 worms (D:2)
  2 dart slugs
  3 fire bats (D:3)
  58 orcs
  2 spectral bats (D:3)
  3 ball pythons
  15 bats
  3 bat skeletons (D:3)
  A bat zombie (D:3)
  12 endoplasms
  2 giant cockroaches
  11 goblins
  4 hobgoblins
  5 jackals
  11 kobolds
  3 quokkas
  A bat simulacrum (D:3)
  2 frilled lizards
  5 rats
261 creatures vanquished.

Vanquished Creatures (others)
  An orc wizard (D:9)
  295 foxfires
  A plant (D:10)
297 creatures vanquished.

Grand Total: 558 creatures vanquished

Notes
Turn   | Place    | Note
-------+----------+-------------------------------------------
     0 | D:1      | unlimited1921 the Djinni Fire Elementalist began the quest
                  | for the Orb.
     0 | D:1      | unlimited1921 set off with the following spells memorised:
                  | Foxfire, Scorch, Conjure Flame, Inner Flame, Flame Wave.
     0 | D:1      | Reached XP level 1. HP: 15/15 MP: 0/0
   723 | D:1      | Reached XP level 2. HP: 8/21 MP: 0/0
  2197 | D:2      | Reached XP level 3. HP: 22/25 MP: 0/0
  2197 | D:2      | Learned a level 1 spell: Sandblast
  2254 | D:2      | Reached skill level 3 in Spellcasting
  2596 | D:2      | Found Daakaph's Weapon Shop.
  4045 | D:2      | Reached XP level 4. HP: 23/31 MP: 0/0
  5464 | D:3      | Reached XP level 5. HP: 30/35 MP: 0/0
  5464 | D:3      | Learned a level 2 spell: Ensorcelled Hibernation
  5593 | D:3      | Reached skill level 1 in Axes
  5598 | D:3      | Reached XP level 6. HP: 27/40 MP: 0/0
  6592 | D:4      | Reached skill level 4 in Spellcasting
  7341 | D:4      | Noticed a black bear
  7346 | D:4      | Killed a black bear
  7347 | D:4      | Reached skill level 1 in Fighting
  7347 | D:4      | Reached XP level 7. HP: 39/47 MP: 0/0
  7347 | D:4      | Learned a level 2 spell: Poisonous Vapours
  7701 | D:4      | Noticed Natasha
  7707 | D:4      | Killed Natasha
  7708 | D:4      | Reached skill level 1 in Shields
  7774 | D:4      | Noticed Natasha
  7780 | D:4      | Killed Natasha
  8513 | D:4      | Noticed Natasha
  8516 | D:4      | Killed Natasha
  8768 | D:4      | Found a staircase to the Ecumenical Temple.
  8779 | Temple   | Entered the Ecumenical Temple
  8862 | Temple   | Became a worshipper of Fedhas Madash
  9661 | D:5      | Entered Level 5 of the Dungeon
  9661 | D:5      | Noticed Edmund
  9666 | D:5      | Killed Edmund
  9667 | D:5      | Reached skill level 5 in Spellcasting
  9667 | D:5      | Reached XP level 8. HP: 24/52 MP: 0/0
 10846 | D:5      | Reached skill level 6 in Spellcasting
 10916 | D:5      | Reached * piety under Fedhas
 11547 | D:6      | Reached XP level 9. HP: 51/57 MP: 0/0
 11547 | D:6      | Learned a level 3 spell: Ozocubu's Armour
 11712 | D:6      | Reached skill level 1 in Armour
 12155 | D:6      | Reached ** piety under Fedhas
 12171 | D:6      | Reached skill level 1 in Maces & Flails
 12524 | D:6      | Reached skill level 7 in Spellcasting
 13310 | D:6      | Found a broken altar of Ashenzari.
 13697 | D:7      | Noticed Joseph
 13707 | D:7      | Killed Joseph
 13708 | D:7      | Reached skill level 1 in Invocations
 14043 | D:7      | Reached XP level 10. HP: 56/64 MP: 0/0
 14079 | D:7      | Reached skill level 8 in Spellcasting
 14473 | D:7      | Found a burning altar of Makhleb.
 15425 | D:7      | Found a basalt altar of Yredelemnul.
 15864 | D:8      | Reached *** piety under Fedhas
 16045 | D:8      | Reached skill level 9 in Spellcasting
 17186 | D:8      | You are sucked into a shaft and drop 1 floor!
 17421 | D:8      | Found a hide-covered altar of Uskayaw.
 17421 | D:8      | Found a white marble altar of Elyvilon.
 17531 | D:9      | Reached XP level 11. HP: 33/68 MP: 0/0
 17531 | D:9      | Learned a level 5 spell: Alistair's Intoxication
 17835 | D:9      | Reached **** piety under Fedhas
 18273 | D:9      | Found a staircase to the Orcish Mines.
 18307 | D:9      | Reached skill level 10 in Spellcasting
 18744 | D:9      | Noticed a two-headed ogre
 18760 | D:9      | Killed a two-headed ogre
 19022 | D:9      | Reached skill level 5 in Invocations
 19401 | D:10     | Entered Level 10 of the Dungeon
 19439 | D:10     | Identified the +9 chain mail of Weightlessness {rPois rN+
                  | Will+ Str-5}
 19528 | D:10     | Mangled by a warg

Illustrated notes

Levels and vault maps discovered:
D:1:      heliophobic_arrival_enchanted_forest, layout_loops_ring
D:2:      layout_basic, serial_shops, nicolae_shop_statue_plus,
          minmay_hexomino_u4
D:3:      layout_loops_cross, serial_co_window_serial, co_window_corner_a,
          co_window_cross_1, co_window_paths_a, co_window_cross_1,
          co_window_of_opportunity_a, co_window_corner_ca,
          co_window_unsneaky_path_d, co_window_unsneaky_path_e,
          co_window_4corner_b, glass_columns_c, glass_columns_a,
          glass_columns_a, goddamned_bats
D:4:      minmay_thinvault, layout_gridville, temple_hall, uniq_natasha
D:5:      layout_basic, grunt_ministairs_11, uniq_edmund
D:6:      layout_layer_cave, kennysheep_little_box
D:7:      layout_layer_cave, makhleb_grotto_becter, kennysheep_mini_moat,
          uniq_joseph
D:8:      layout_loops_ring, gammafunk_temple_overflow_statue, kennysheep_boxes
D:9:      layout_loops_ring, hiddenorc2_lemuel, grunt_decor_cap,
          grunt_decor_one_mirror
D:10:     layout_rooms, trog_three_pillars_becter, mainiacjoe_overflow_24_doors,
          erik_lair_orcish_takeover
Temple:   nicolae_temple_superstar

Skill      XL: |  1  2  3  4  5  6  7  8  9 10 11 |
---------------+----------------------------------+-----
Spellcasting   | 3 4 5 6 7 9 10 | 10.5
Stealth        | 2 3 4 |  4.1
Axes           | 1 2 |  2.0
Dodging        | 3 4 |  4.1
Fighting       | 1 2 |  2.2
Shields        | 2 3 4 |  4.2
Armour         | 2 3 |  3.5
Maces & Flails | 1 2 |  2.1
Invocations    | 2 4 5 |  5.1
Evocations     | |  0.6

Action                   |  1- 3 |  4- 6 |  7- 9 | 10-12 || total
-------------------------+-------+-------+-------+-------++-------
Melee: Hand axe          |       |    52 |       |       ||    52
       Dire flail        |       |       |    26 |     7 ||    33
       Mace              |       |       |       |    22 ||    22
 Cast: Foxfire           |    85 |    36 |    53 |    12 ||   186
       Scorch            |     3 |    12 |    25 |    34 ||    74
       Inner Flame       |       |     5 |    38 |    45 ||    88
       Sandblast         |       |     5 |     1 |     1 ||     7
       Poisonous Vapours |       |       |    64 |    80 ||   144
       Ensorcelled Hiber |       |       |     3 |     3 ||     6
       Ozocubu's Armour  |       |       |     1 |       ||     1
       Alistair's Intoxi |       |       |       |     2 ||     2
       Flame Wave        |       |       |       |     1 ||     1
Invok: Wall of Briars    |       |       |       |     1 ||     1
Evoke: Wand              |       |       |       |     7 ||     7
  Use: Potion            |       |     1 |       |     1 ||     2
       Scroll            |       |       |     6 |     4 ||    10
 Stab: Sleeping          |       |     2 |     1 |       ||     3
       Distracted        |       |       |       |     1 ||     1
Armor: Robe              |     5 |    43 |       |       ||    48
       Leather armour    |       |       |     5 |    18 ||    23
Dodge: Dodged            |    19 |    89 |    28 |    19 ||   155
Block: Kite shield       |       |       |       |    27 ||    27
